 Dungeon Crawl Stone Soup version 0.18.1-5-g4a78601 (webtiles) character file.

117 dysrexia the Ruffian (level 5, -1/44 HPs)
             Began as a Naga Transmuter on May 11, 2016.
             Was a Believer of Cheibriados.
             Killed from afar by dadoka's ghost (13 damage)
             ... with a puff of frost
             ... on level 4 of the Dungeon.
             The game lasted 00:12:56 (3676 turns).

dysrexia the Ruffian (Naga Transmuter)              Turns: 3676, Time: 00:12:56

Health: -1/44      AC:  2    Str: 18    XL:     5   Next: 1%
Magic:  1/8        EV: 15    Int: 18    God:    Cheibriados [**....]
Gold:   157        SH:  0    Dex: 17    Spells: 3 memorised, 2 levels left

rFire  . . .     SeeInvis +       - Unarmed
rCold  . . .     Gourm    .     b - +0 robe
rNeg   . . .     Faith    .     (no shield)
rPois  +         Spirit   .     (no helmet)
rElec  .         Dismiss  .     (no cloak)
rCorr  .         Reflect  .     (no gloves)
SustAt .         Harm     .     (no barding)
MR     .....                    (no amulet)
Stlth  ++........               (no ring)
                                q - +5 ring of evasion

@: appendage, very slightly contaminated, very slow, not resistant to hostile
enchantments, unstealthy
A: horns 2, see invisible, deformed body, poison resistance, slowness 2, slow
metabolism 1, spit poison 2, AC +1
a: Spit Poison, End Transformation, Bend Time, Renounce Religion


You were on level 4 of the Dungeon.
You worshipped Cheibriados.
Cheibriados was pleased with you.
You were hungry.
You had grown temporary horns.
You visited 1 branch of the dungeon, and saw 4 of its levels.

You collected 157 gold pieces.

Inventory:

Hand Weapons
 s - a +0 blowgun
Missiles
 a - 40 arrows
 t - 2 poisoned needles
Armour
 b - a +0 robe (worn)
 f - a +0 shield
 l - a +0 chain mail
 o - a +2 buckler
Jewellery
 i - an uncursed ring of poison resistance {unknown}
 q - a +5 ring of evasion (left hand)
Scrolls
 h - 2 scrolls of identify
 j - a scroll of fear
Potions
 e - a potion of brilliance {unknown}
 k - a potion of ambrosia {unknown}
 m - a potion of invisibility {unknown}
 n - 3 potions of curing
Books
 c - a book of Changes

   Spells                             Type                      Level
   a - Beastly Appendage              Transmutation                1
   b - Sticks to Snakes               Transmutation                2
   c - Spider Form                    Transmutation/Poison         3
   d - Ice Form                       Ice/Transmutation            4
   e - Blade Hands                    Transmutation                5
Comestibles
 d - 3 bread rations
 g - 2 meat rations
 p - a royal jelly


   Skills:
 - Level 1.0 Fighting
 - Level 1.5 Dodging
 * Level 4.7 Unarmed Combat
 - Level 2.0 Spellcasting
 + Level 3.3 Transmutations


You had 2 spell levels left.
You knew the following spells:

 Your Spells              Type           Power        Failure   Level  Hunger
a - Beastly Appendage     Trmt           ##....       6%          1    #......
b - Sticks to Snakes      Trmt           ##......     10%         2    ###....
c - Spider Form           Trmt/Pois      #.........   30%         3    ###....


Dungeon Overview and Level Annotations

Branches:
Dungeon (4/15)
 Temple: D:4-7

Altars:
Cheibriados

Annotations:
D:4 dadoka's ghost, novice OpIE


Innate Abilities, Weirdness & Mutations

You cannot wear boots.
Your serpentine skin is tough (AC +1).
You have supernaturally acute eyesight.
Armour fits poorly on your strangely shaped body.
Your system is resistant to poisons.
You cover ground very slowly.
You have a slow metabolism.
You can spit poison.
You have a pair of horns on your head.


Message History

Your ball python barely misses the giant cockroach.
Dadoka's ghost hits you.
You are electrocuted!
You punch dadoka's ghost!
Dadoka's ghost is lightly damaged.
Your ball python bites dadoka's ghost but does no damage.
The giant cockroach misses you.
Your ball python closely misses the giant cockroach.
Your ball python barely misses the giant cockroach.
Dadoka's ghost hits you.
You are electrocuted!
* * * LOW HITPOINT WARNING * * *
You closely miss dadoka's ghost. You headbutt dadoka's ghost!
Dadoka's ghost is heavily damaged.
Your ball python bites dadoka's ghost.
The giant cockroach bites you.
* * * LOW HITPOINT WARNING * * *
Your ball python barely misses the giant cockroach.
Your ball python grabs the giant cockroach.
Your ball python constricts the giant cockroach.
Dadoka's ghost stares at you and mumbles some strange words.
The puff of frost hits you!
You die...

#.......
#.......
+.......
#.....
#####....
#....S.#
#...sW.#
#..S@..#
#......#
#....<.+
#......#
#......#
#......#
#......#
#......#
########


You could see dadoka's ghost, a giant cockroach and 2 friendly ball pythons.

Vanquished Creatures
  4 adders (D:2)
  2 worms
  2 dart slugs (D:2)
  3 giant geckos (D:2)
  An orc (D:3)
  A ball python (D:3)
  A giant cockroach (D:3)
  12 goblins
  10 hobgoblins
  2 quokkas (D:2)
  8 bats
  4 giant newts
  11 kobolds
  4 rats
65 creatures vanquished.

Notes
Turn   | Place    | Note
--------------------------------------------------------------
     0 | D:1      | dysrexia the Naga Transmuter began the quest for the Orb.
     0 | D:1      | Reached XP level 1. HP: 18/18 MP: 3/3
   352 | D:1      | Reached XP level 2. HP: 16/25 MP: 5/5
   897 | D:2      | Found a snail-covered altar of Cheibriados.
   916 | D:2      | Became a worshipper of Cheibriados the Contemplative
   963 | D:2      | Reached XP level 3. HP: 21/31 MP: 6/6
  1328 | D:2      | HP: 1/31 [giant gecko (3)]
  1591 | D:2      | Reached skill level 4 in Unarmed Combat
  1732 | D:2      | Learned a level 2 spell: Sticks to Snakes
  1736 | D:2      | Learned a level 3 spell: Spider Form
  1777 | D:2      | Reached * piety under Cheibriados
  1997 | D:2      | Reached XP level 4. HP: 28/38 MP: 7/7
  3123 | D:3      | Reached ** piety under Cheibriados
  3446 | D:3      | Reached XP level 5. HP: 40/44 MP: 8/8
  3669 | D:4      | Noticed dadoka's ghost (novice OpIE)
  3676 | D:4      | Killed from afar by dadoka's ghost

Skill      XL: |  1  2  3 |
---------------+----------+-----
Transmutations | 3 |  3.3
Unarmed Combat | 4 |  4.7
Fighting       | |  1.0
Dodging        | |  1.5
Spellcasting   | |  2.0

Action                   |  1- 3 |  4- 6 || total
-------------------------+-------+-------++-------
Melee: Unarmed           |   144 |   114 ||   258
       Headbutt          |     5 |    11 ||    16
       Punch             |     2 |     2 ||     4
 Cast: Beastly Appendage |     5 |     9 ||    14
       Sticks to Snakes  |       |     2 ||     2
  Use: Scroll            |       |     6 ||     6
 Stab: Sleeping          |       |     1 ||     1
  Eat: Chunk             |     2 |     3 ||     5
Armor: Robe              |    23 |    28 ||    51
Dodge: Dodged            |    77 |    78 ||   155
